 Dungeon Crawl Stone Soup version 0.20.2-3-g29329e0561 (webtiles) character file.

210 Alfie the Skirmisher (level 5, -8/47 HPs)
             Began as a Hill Orc Fighter on Mar 26, 2024.
             Mangled by an iguana (10 damage)
             ... on level 4 of the Dungeon.
             The game lasted 00:04:48 (1987 turns).

Alfie the Skirmisher (Hill Orc Fighter)             Turns: 1987, Time: 00:04:48

Health: -8/47      AC:  7    Str: 20    XL:     5   Next: 88%
Magic:  0/5        EV:  7    Int:  8    God:
Gold:   186        SH:  9    Dex: 10    Spells: 4/4 levels left

rFire    . . .     SeeInvis .   a - +0 rapier
rCold    . . .     Gourm    .   c - +0 shield
rNeg     . . .     Faith    .   b - +0 scale mail
rPois    .         Spirit   +   (no helmet)
rElec    .         Reflect  .   p - scarf {Spirit}
rCorr    .         Harm     .   (no gloves)
MR       .....                  (no boots)
Stlth    ..........             (no amulet)
Regen    0.2/turn               (no ring)
MPRegen  0.1/turn               (no ring)

@: no status effects
A: no striking features
a: no special abilities


You were on level 4 of the Dungeon.
You were not hungry.

You visited 1 branch of the dungeon, and saw 4 of its levels.

You collected 186 gold pieces.

Inventory:

Hand Weapons
 a - a +0 rapier (weapon)
Armour
 b - a +0 scale mail (worn)
 c - a +0 shield (worn)
 h - a scarf of spirit shield
 p - a scarf of spirit shield (worn)
Scrolls
 e - 2 scrolls of fear {unknown}
 g - 2 scrolls of remove curse
 i - a scroll of enchant weapon {unknown}
 k - a scroll of enchant armour {unknown}
 o - a scroll of recharging {unknown}
 r - a scroll of teleportation {unknown}
 s - a scroll of random uselessness {unknown}
Potions
 d - 4 potions of might
 l - a potion of cancellation {unknown}
 n - a potion of curing {unknown}
 q - a potion of brilliance {unknown}
 u - a potion of lignification {unknown}
Comestibles
 f - 4 bread rations
 j - 3 meat rations
 m - a fruit
 t - a royal jelly


   Skills:
 + Level 4.5 Fighting
 + Level 4.0 Short Blades
 + Level 4.1 Armour
 + Level 0.5 Dodging
 + Level 4.3 Shields


You had 4 spell levels left.
You didn't know any spells.

Dungeon Overview and Level Annotations

Branches:
Dungeon (4/15)
 Temple: D:4-7

Altars:


Message History

The iguana is severely wounded.
The iguana bites you!
* * * LOW HITPOINT WARNING * * *
You closely miss the iguana.
The iguana is severely wounded.
You block the iguana's attack.
You barely miss the iguana.
The iguana is severely wounded.
The iguana bites you.
* * * LOW HITPOINT WARNING * * *
You hit the iguana but do no damage.
The iguana is severely wounded.
You block the iguana's attack.
You barely miss the iguana.
The iguana is severely wounded.
You block the iguana's attack.
You hit the iguana but do no damage.
The iguana is severely wounded.
The iguana bites you!
You die...

......##.....#
..†.####.###.#####.#
....# #.# #........
....# #.###.#####.#
....# #.....# ....#
#.#.### ....# #....## #
###.####.#.#.#####.##.#
# #.............@l....#
###.#.##.#.#.########.#
............##
##########.## ###


You could see an iguana.

Vanquished Creatures
  A crocodile (D:4)
  A bullfrog skeleton (D:4)
  2 adders
  3 oozes
  3 worms
  2 dart slugs
  2 leopard geckos
  6 orcs (D:3)
  7 bats
  3 giant cockroaches
  8 goblins
  5 hobgoblins
  2 jackals (D:2)
  6 frilled lizards
  4 kobolds
  5 rats
60 creatures vanquished.

Notes
Turn   | Place    | Note
-------+----------+-------------------------------------------
     0 | D:1      | Alfie the Hill Orc Fighter began the quest for the Orb.
     0 | D:1      | Reached XP level 1. HP: 19/19 MP: 1/1
    38 | D:1      | Reached XP level 2. HP: 17/27 MP: 2/2
   639 | D:2      | Reached XP level 3. HP: 29/33 MP: 1/3
   995 | D:3      | Reached XP level 4. HP: 40/40 MP: 2/4
  1840 | D:4      | Reached XP level 5. HP: 38/46 MP: 2/5
  1866 | D:4      | Noticed a crocodile
  1890 | D:4      | Killed a crocodile
  1984 | D:4      | HP: 1/47 [iguana (3)]
  1987 | D:4      | Mangled by an iguana

Skill      XL: |  1  2  3  4  5 |
---------------+----------------+-----
Fighting       | 4 |  4.5
Short Blades   | 3 4 |  4.0
Shields        | 4 |  4.3
Armour         | 4 |  4.1
Dodging        | |  0.5

Action                   |  1- 3 |  4- 6 || total
-------------------------+-------+-------++-------
Melee: Rapier            |   112 |   130 ||   242
  Use: Scroll            |     2 |       ||     2
  Eat: Fruit             |       |     2 ||     2
       Royal jelly       |       |     1 ||     1
Armor: Scale mail        |    43 |    25 ||    68
Dodge: Dodged            |    28 |    16 ||    44
Block: Shield            |    61 |    50 ||   111
